Map: Mothership LE

Players

Raphael

  • Race: Zerg Zerg
  • League: Platinum
  • Spawn Location: 9:00

Victory - Winner!

  • Race: Terran Terran
  • League: Platinum
  • Spawn Location: 1:00

VOD

Have the link to the VOD?

Description

Time

  • Played on: Dec. 27, 2025, 10:31 a.m.
  • Length: 15:40
Show
View Real Time Build Order
Export as new Build Order

Raphael Zerg 

Build Orders: Hatch First 

Get SALT Encoding   

  12  0:05  Drone  
  13  0:12  Overlord  
  13  0:17  Drone  
  14  0:30  Drone x2  
  16  0:47  Hatchery  
  15  0:53  Drone  
  15  0:55  Drone  
  17  1:08  Extractor  
  17  1:11  Spawning Pool  
  15  1:14  Drone  
  15  1:18  Drone  
  17  1:40  Drone  
  17  1:41  Drone  
  19  1:59  Queen x2  
  19  2:00  Zergling x4  
  25  2:04  Drone  
  25  2:08  Metabolic Boost  
  26  2:17  Overlord  
  26  2:32  Overlord  
  26  2:46  Queen  
  26  2:47  Drone x4  
  32  2:58  Overlord  
  32  3:05  Drone x2  
  34  3:23  Drone x7  
  41  3:35  Baneling Nest  
  41  3:37  Extractor  
  41  3:40  Drone x3  
  42  3:50  Zergling x4  
  44  3:57  Overlord x2  
  44  4:09  Overlord  
  44  4:10  Overlord  
  44  4:27  Drone x2  
  44  4:28  Queen, Drone  
  44  4:30  Queen  
  51  4:35  Overlord x2  
  51  4:38  Zergling x10  
  56  4:41  Baneling x6  
  56  4:49  Zergling x2  
  56  4:50  Zergling x2  
  49  5:17  Zergling x8  
  49  5:21  Drone x6  
  52  5:34  Zergling x2  
  52  5:35  Zergling x2  
  48  5:44  Spore Crawler  
  48  5:47  Drone x2, Spore Crawler  
  48  5:56  Zergling x2  
  46  5:57  Drone  
  46  6:01  Hatchery  
  40  6:04  Drone x4  
  41  6:14  Drone  
  41  6:15  Drone  
  44  6:25  Drone  
  44  6:27  Queen  
  46  6:35  Drone x2  
  48  6:41  Drone  
  48  6:43  Drone  
  50  6:50  Drone  
  51  6:56  Hatchery  
  51  7:00  Drone x5  
  55  7:15  Drone x2  
  56  7:27  Zergling x14  
  63  7:31  Evolution Chamber  
  63  7:33  Evolution Chamber  
  63  7:34  Drone  
  63  7:35  Hatchery, Extractor x2  
  58  7:44  Baneling  
  58  7:48  Baneling x5  
  58  7:49  Baneling  
  55  7:51  Zergling x8  
  54  8:00  Zergling x10  
  54  8:02  Zerg Ground Armor Level 1  
  54  8:04  Overlord  
  59  8:13  Overlord x2  
  59  8:25  Zergling x14  
  65  8:36  Zergling x4  
  65  8:40  Lair  
  67  8:59  Zergling x20  
  77  9:05  Queen  
  62  9:23  Zergling x2  
  62  9:24  Zergling x18  
  55  9:35  Drone  
  55  9:36  Drone x2  
  52  9:53  Drone x3  
  52  9:57  Drone x2  
  55  10:04  Drone x3  
  58  10:18  Drone x6  
  62  10:25  Zerg Melee Weapons Level 1  
  60  10:30  Evolution Chamber  
  60  10:33  Pneumatized Carapace  
  60  10:35  Centrifugal Hooks  
  59  10:37  Overlord  
  59  10:40  Drone  
  59  10:42  Drone  
  61  10:47  Baneling x6  
  60  10:56  Zergling x6  
  63  11:02  Zergling x6  
  65  11:06  Zergling x4  
  67  11:16  Drone x5  
  72  11:21  Overlord  
  72  11:22  Overlord  
  72  11:23  Overlord  
  72  11:32  Zerg Ground Armor Level 2  
  70  11:36  Infestation Pit  
  69  11:59  Drone x9  
  77  12:07  Drone x3  
  80  12:12  Hatchery, Drone x2  
  81  12:18  Queen  
  81  12:19  Queen  
  81  12:21  Zergling x6  
  87  12:45  Hatchery  
  87  12:49  Drone x4  
  87  12:50  Overlord x2  
  87  12:51  Overlord x5  
  90  12:53  Extractor  
  90  12:54  Extractor  
  88  13:20  Infestor  
  88  13:21  Infestor x2, Zergling x4  
  88  13:22  Drone, Zergling x2  
  90  13:33  Zergling x8  
  83  13:35  Zergling x2  
  84  13:47  Zergling x10  
  87  13:53  Hatchery  
  84  14:01  Baneling x6  
  81  14:03  Zergling x8  
  85  14:10  Lair  
  85  14:13  Zergling x10  
  90  14:22  Zergling x4  
  88  14:25  Hatchery  
  88  14:27  Spawning Pool  
  84  14:40  Hatchery  
  83  14:50  Hatchery  
  78  14:56  Zergling x16  
  78  14:57  Hatchery  
  84  15:14  Baneling x13  
  84  15:15  Baneling x2  
  84  15:16  Zergling x8  
  92  15:31  Hatchery  
  92  15:35  Hatchery  
Show
View Real Time Build Order
Export as new Build Order

Victory Terran - Winner!

Build Orders:  

Get SALT Encoding   

  12  0:00  SCV  
  13  0:12  SCV  
  14  0:19  Supply Depot  
  14  0:24  SCV  
  15  0:41  SCV  
  15  0:42  Barracks  
  16  0:48  Refinery  
  16  0:53  SCV  
  17  1:05  SCV  
  18  1:17  SCV  
  19  1:29  Marine  
  19  1:30  Orbital Command  
  20  1:38  Supply Depot  
  20  1:42  Refinery  
  20  1:47  Marine  
  20  1:49  Factory  
  21  1:55  SCV  
  22  2:07  SCV  
  22  2:08  Barracks Reactor  
  23  2:20  SCV  
  24  2:32  SCV  
  24  2:33  Armory  
  24  2:35  Widow Mine  
  27  2:41  Starport  
  27  2:44  Marine x2  
  29  2:52  Supply Depot  
  29  2:53  SCV  
  29  2:57  Factory Tech Lab  
  30  3:02  Marine  
  31  3:09  Supply Depot  
  31  3:14  Marine, SCV  
  31  3:18  Medivac  
  35  3:20  Marine  
  35  3:22  Drilling Claws  
  36  3:27  Widow Mine  
  36  3:31  Marine  
  39  3:38  Marine  
  40  3:45  Engineering Bay  
  40  3:49  Widow Mine  
  40  3:52  Medivac  
  40  3:55  Marine  
  44  3:56  Marine  
  46  4:06  Supply Depot  
  46  4:13  Marine  
  47  4:27  Marine, SCV  
  47  4:28  Widow Mine  
  47  4:31  Marine  
  51  4:33  Supply Depot  
  51  4:36  Barracks  
  52  4:45  Marine  
  53  4:49  Marine  
  54  5:03  Marine  
  54  5:06  Marine  
  56  5:12  SCV  
  55  5:17  Starport Reactor  
  55  5:18  Command Center  
  55  5:21  Marine  
  56  5:24  Marine, SCV  
  57  5:32  Barracks Tech Lab  
  57  5:41  Marine  
  57  5:42  SCV  
  59  5:49  Barracks  
  59  5:50  Barracks  
  59  5:54  SCV  
  60  6:02  Marine x2  
  62  6:07  Terran Infantry Weapons Level 1  
  62  6:09  Stimpack  
  62  6:10  Supply Depot  
  62  6:11  Marauder  
  62  6:12  Supply Depot  
  58  6:31  Marine x2  
  60  6:36  SCV  
  60  6:37  Orbital Command  
  61  6:40  Barracks Reactor x2  
  61  6:47  Marauder  
  61  6:48  Siege Tank  
  66  6:54  Marine x2  
  68  7:18  Orbital Command  
  68  7:19  Marine x3  
  68  7:20  Marine x2, Marauder  
  75  7:31  Marine  
  75  7:32  SCV  
  75  7:34  Medivac x2  
  75  7:36  Marine  
  82  7:44  SCV  
  82  7:48  Marine x3  
  82  7:49  Marine x2  
  82  7:50  Marauder  
  90  7:52  SCV  
  90  7:56  SCV  
  90  7:57  Marine  
  79  8:06  Marine  
  79  8:08  Marine x3  
  79  8:09  SCV  
  84  8:16  Marine  
  84  8:19  Siege Tank  
  88  8:23  Refinery  
  88  8:24  Marauder  
  88  8:26  Marine  
  88  8:27  Marine x2  
  91  8:31  Marine  
  94  8:43  Marine  
  94  8:44  Marine x2, SCV  
  94  8:47  Supply Depot x2, Marine x3  
  94  8:48  Supply Depot  
  94  9:08  Marine  
  95  9:12  Marine x3  
  95  9:13  SCV x2, Marauder  
  101  9:20  Marine x2  
  87  9:25  SCV  
  87  9:26  Marine  
  87  9:29  Marine x2  
  87  9:30  Marine  
  83  9:34  SCV, Marauder  
  83  9:37  SCV  
  83  9:38  Marine x2  
  80  9:44  Marine  
  81  9:47  Marine x3  
  78  9:55  Marauder  
  78  9:58  SCV x2  
  75  10:07  Marine x2  
  75  10:08  Marine x2  
  75  10:09  Marine x2  
  75  10:13  Terran Infantry Weapons Level 2  
  81  10:14  Bunker  
  81  10:15  Supply Depot  
  81  10:16  Supply Depot  
  81  10:17  Marauder  
  81  10:18  Supply Depot  
  83  10:25  Marine x2  
  83  10:26  Marine, SCV  
  83  10:27  Marine x2  
  89  10:38  Marine, Marauder  
  92  10:47  Command Center  
  92  10:54  Marine x2  
  92  10:55  Marine x3  
  97  10:59  Marine, Marauder  
  100  11:12  Marine x3  
  100  11:13  Marine  
  100  11:14  Marine  
  100  11:15  SCV  
  100  11:16  SCV  
  97  11:22  Marine x2  
  97  11:24  Barracks, Combat Shield  
  99  11:25  Factory  
  99  11:26  Factory  
  99  11:28  SCV  
  99  11:30  Marine x2  
  102  11:42  Medivac x2  
  102  11:45  SCV x2  
  108  11:51  Marine x3  
  108  11:52  Marine x2  
  108  11:53  Marine, Marauder  
  114  12:06  Orbital Command  
  114  12:09  Marine x4  
  114  12:10  Factory Reactor  
  114  12:12  Factory Reactor, Medivac  
  114  12:14  Marauder  
  114  12:15  Barracks Tech Lab  
  122  12:19  Ghost Academy  
  122  12:29  Marine x4  
  125  12:30  Marine x2  
  122  12:41  Marine x2  
  122  12:42  SCV x2  
  124  12:47  Marine  
  125  12:51  Orbital Command  
  125  12:52  Terran Infantry Weapons Level 3  
  125  12:57  Engineering Bay, Marine x3  
  128  13:01  Marine x2  
  130  13:07  Marine, Marauder  
  130  13:12  Marauder  
  135  13:15  Marine x2  
  127  13:38  Marine x4  
  127  13:39  Marine x2, Marauder x2  
  137  13:55  Marine  
  137  13:56  Marine x3  
  137  13:57  Marine x2, SCV  
  137  13:58  SCV x2  
  143  14:03  Marine x2  
  143  14:05  Siege Tank  
  149  14:10  SCV x2  
  150  14:21  Marine, Marauder x2  
  150  14:22  Marine x5  
  142  14:31  SCV  
  142  14:37  Refinery  
  137  14:39  Marine x2  
  137  14:40  Marine x4  
  145  14:46  Marauder x2  
  147  15:04  Marine x5  
  147  15:06  SCV x3  
  157  15:07  Marauder  
Tags
 
Add a new tag
Caveats
  • Supply blocks, unpowered buildings, or Contaminate may cause inaccurate times.
  • Supply counts are checked every 10 seconds.